 Dungeon Crawl Stone Soup version bcrawl-1.14 (webtiles) character file.

Game seed: 8593939906113983295

20573 MisterOstroum the Magus (level 12, -10/99 HPs)
             Began as a Demonspawn Archaeologist on Sept 7, 2019.
             Was an Elder of Nemelex Xobeh.
             Hit by a silver javelin thrown by a minotaur (21 damage)
             ... in a Gauntlet.
             The game lasted 00:43:23 (13186 turns).

MisterOstroum the Magus (Demonspawn Archaeologist) Turns: 13186, Time: 00:43:24

Health: -10/99     AC: 24    Str: 15    XL:     12   Next: 46%
Magic:  21/21      EV:  7    Int: 14    God:    Nemelex Xobeh [****..]
Gold:   410        SH:  5    Dex: 14    Spells: 11/11 levels left

rFire    + . .     SeeInvis .   b - +10 rapier of Accord {speed, +Fly rC+}
rCold    + . .     Gourm    .   R - +0 buckler
rNeg     + . .     Faith    .   Z - +0 plate armour
rPois    +         Spirit   .   U - +2 hat
rElec    .         Reflect  .   f - +2 ratskin cloak {+Rats rPois rN+ Str-1 Int-1 Dex+1}
rCorr    .         Harm     .   (no gloves)
MR       +....     NoTele   +   d - +1 pair of boots
Stlth    ..........             (no amulet)
HPRegen  0.26/turn              K - ring of fire
MPRegen  0.17/turn              W - ring of protection from magic

@: no status effects
A: talons 1, thin metallic scales 2, cold resistance 1, rot immunity, freezing
cloud immunity, [subdued magic 2]
a: Draw Escape, Draw Destruction, Draw Summoning, Draw Stack, Triple Draw, Deal
Four, Renounce Religion, Evoke Ratskin, Evoke Flight


You were in a Gauntlet.
You worshipped Nemelex Xobeh.
Nemelex Xobeh was greatly pleased with you.
You were not hungry.

You visited 2 branches of the dungeon, and saw 13 of its levels.
You also visited: Sewer and Gauntlet.

You collected 742 gold pieces.
You spent 332 gold pieces at shops.

Inventory:

Hand Weapons
 a - a +0 dagger of venom
 b - the +10 rapier of Accord (weapon) {speed, +Fly rC+}
   (You found it on level 4 of the Dungeon)

   Attacks with this weapon are significantly faster.
   It protects you from cold.
   It lets you fly.
 c - a +0 hunting sling
 B - a +2 trident of piercing
Missiles
 l - 1022 stones (quivered)
 u - 115 exploding tomahawks
 F - 218 tomahawks
Armour
 d - a +1 pair of boots (worn)
 f - the +2 ratskin cloak (worn) {+Rats rPois rN+ Str-1 Int-1 Dex+1}

   It affects your strength (-1).
   It affects your intelligence (-1).
   It affects your dexterity (+1).
   It protects you from poison.
   It protects you from negative energy.
 h - a +1 helmet of intelligence
 R - a +0 buckler (worn)
 U - a +2 hat (worn)
 Z - a +0 plate armour (worn)
Jewellery
 m - the ring of Optowuf {rF+ rC- rN++ Int+4 SInv, unknown}
   (You found it in a Gauntlet)

   [ring of see invisible]

   It affects your intelligence (+4).
   It protects you from fire.
   It makes you vulnerable to cold.
   It greatly protects you from negative energy.
   It lets you see invisible.
 y - the ring of Gipsi {*Tele Int+3, unknown}
   (You found it in a Gauntlet)

   [ring of teleportation]

   It may teleport you next to monsters.
   It affects your intelligence (+3).
 A - an uncursed ring of ice
 K - a ring of fire (left hand)
 T - an uncursed ring of insulation
 W - a ring of protection from magic (right hand)
Wands
 q - a wand of acid (5)
 z - a wand of flame (7)
 J - a wand of scattershot (1)
 Q - a wand of paralysis (17)
 S - a wand of disintegration (13)
 V - a wand of iceblast (5)
Scrolls
 g - 2 scrolls of magic mapping
 i - a scroll of enchant armour
 j - 3 scrolls of fear {!r}
 k - 7 scrolls of teleportation {@r3 !r}
 n - a scroll of enchant weapon
 p - 2 scrolls of fog
 s - 3 scrolls of immolation
 L - a scroll of blinking {@r4}
 O - a scroll of vulnerability
Potions
 o - 5 potions of flight
 r - 2 potions of agility {@q5 !q}
 t - a potion of invisibility
 v - 4 potions of brilliance
 w - a potion of mutation
 x - a potion of heal wounds {@q2 !q}
 G - a potion of berserk rage
 H - 6 potions of curing {@q1 !q}
 I - a potion of resistance
 N - 3 potions of might {@q3 !q}
 X - a potion of lignification {@q6}
Comestibles
 e - 21 rations {!d}


   Skills:
 + Level 10.6 Fighting
 + Level 9.4 Short Blades
   Level 1.0 Maces & Flails
 - Level 8.8 Armour
 - Level 5.0 Dodging
 - Level 3.0 Stealth
 - Level 4.0 Shields
 * Level 12.0 Invocations
 - Level 5.0 Evocations


You had 11 spell levels left.
You didn't know any spells.
Your spell library contained the following spells:

 Spells                   Type           Power        Failure   Level  Hunger
 Corona                   Hex            #......      100%        1    ##.....
 Ensorcelled Hibernation  Hex/Ice        #.....       100%        2    ###....
 Searing Ray              Conj           #.....       100%        2    ###....
 Beckoning                Tloc           #.........   100%        3    ####...
 Confuse                  Hex            #.......     100%        3    ####...
 Dazzling Spray           Conj/Hex       #.....       100%        3    ####...
 Mephitic Cloud           Conj/Pois/Air  #.......     100%        3    ####...
 Tukima's Dance           Hex            #.......     100%        3    ####...
 Irradiate                Conj/Tmut      #.........   100%        5    ######.
 Spellforged Servitor     Conj/Summ      #.........   100%        7    #######


Dungeon Overview and Level Annotations

Branches:
Dungeon (11/12)            Temple (0/1) D:5            Lair (2/6) D:7
  Swamp (0/3) Lair:2
  Snake: Lair:2-4    Spider: Lair:2-4       Orc: D:8-11      Vaults: D:11-12

Altars:
Cheibriados
Dithmenos
Lugonu
Nemelex Xobeh
Okawaru
Qazlal
Ru
Uskayaw
Vehumet
Zin
The Shining One

Shops:
D:7 }?}

Annotations:
D:7 1 runed door
D:11 2 exclusions Gauntlet 10 transporters


Innate Abilities, Weirdness & Mutations

You have sharp toenails.
You are mostly covered in thin metallic scales. (AC +3)
Your flesh is cold resistant. (rC+)
You are immune to rotting.
You are immune to freezing clouds.
[Your spells are easier to cast, but less powerful.]


Message History

Orders for allies: a - Attack new target. r - Retreat! s - Stop attacking. g - Guard the area. f - Follow me.
Anything else - Cancel.
You shout for attention!
What are your orders? t - Shout!
Orders for allies: a - Attack new target. r - Retreat! s - Stop attacking. g - Guard the area. f - Follow me.
Anything else - Cancel.
You shout for attention!
What are your orders? t - Shout!
Orders for allies: a - Attack new target. r - Retreat! s - Stop attacking. g - Guard the area. f - Follow me.
Anything else - Cancel.
You shout for attention!
You hear a bellow!
Okay, then.
Okay, then.
You start waiting.
Done waiting.
What are your orders? t - Shout!
Orders for allies: a - Attack new target. r - Retreat! s - Stop attacking. g - Guard the area. f - Follow me.
Anything else - Cancel.
You shout for attention!
You hear a bellow!
A minotaur comes into view. It is wielding a +3 spear of flaming.
Okay, then.
Okay, then.
You draw a card...
You have drawn the Pentagram.
The minotaur throws a silver javelin.
The silver javelin hits your hellwing!!
The minotaur hits you from afar with a +3 spear of flaming!
The minotaur burns you.
Your hellwing closely misses the minotaur.
The minotaur furiously retaliates!
The minotaur headbutts your hellwing, but does no damage.
Your hellwing hits the minotaur.
You swap places.
The minotaur hits you with a +3 spear of flaming!
The minotaur burns you.
The minotaur gores you but does no damage.
The minotaur hits you with a +3 spear of flaming!
The minotaur burns you. The minotaur barely misses you.
You puncture the minotaur!
The minotaur is lightly wounded.
The minotaur hits you but does no damage.
The minotaur gores you but does no damage.
You hit the minotaur.
The minotaur is lightly wounded.
Your hellwing hits the minotaur!
Your hellwing closely misses the minotaur.
You puncture the minotaur!
The minotaur is heavily wounded.
The minotaur hits you but does no damage.
The minotaur gores you!
Put on which piece of jewellery? (? for menu, Esc to quit)
You're wearing all the rings you can.
Remove which one? (? for menu, Esc to cancel) < or
T - a ring of insulation > or
W - a ring of protection from magic You remove your ring of insulation.
Your hellwing hits the minotaur!
Your hellwing barely misses the minotaur.
You feel more attuned to fire.
K - a ring of fire (left hand)
The minotaur hits you with a +3 spear of flaming!
* * * LOW HITPOINT WARNING * * *
The minotaur barely misses you.
You completely miss the minotaur.
The minotaur furiously retaliates!
The minotaur headbutts you, but does no damage.
The minotaur is heavily wounded.
Your hellwing hits the minotaur but does no damage.
Your hellwing hits the minotaur.
You swap places.
The minotaur hits your hellwing but does no damage.
The minotaur gores your hellwing but does no damage.
Your hellwing barely misses the minotaur.
Your hellwing hits the minotaur but does no damage.
You swap places.
Your hell hound barely misses the minotaur.
The minotaur hits your hellwing with a +3 spear of flaming!!
The minotaur burns your hellwing!
Your hellwing dies!
Your hell hound barely misses the minotaur.
The minotaur bellows!
Your hell hound barely misses the minotaur.
The minotaur throws a silver javelin.
The silver javelin hits your hell hound!!
Your hell hound dies!
Your hell hound's corpse disappears in a puff of smoke!
The minotaur throws a silver javelin.
The silver javelin hits you!
* * * LOW HITPOINT WARNING * * *
The silver sears you!
* * * LOW HITPOINT WARNING * * *
The minotaur throws a silver javelin.
The silver javelin hits you!!
You die...
Your body glows with a rainbow of weird colours and disappears.

#####.#
#.....#
#.#######
#.#...H.#
#.#.###.#
#.# #.#
#.# #.#
#.# #.#
#.# #@#
#.#####.#
#.......#
#########


You could see a minotaur.

Vanquished Creatures
  A hydra (Gauntlet)
  Erica (D:8)
  A centaur warrior (D:11)
  A tengu warrior (D:9)
  Nergalle (D:11)
  A wretched star (Gauntlet)
  Maurice (D:8)
  A torpor snail (Gauntlet)
  Joseph (D:8)
  2 centaur skeletons
  5 cane toads
  A yaktaur (D:10)
  2 tengu conjurers
  2 trolls
  2 hornets
  3 blink frogs (Lair:1)
  Prince Ribbit (D:8)
  A bog body (Lair:2)
  A slime creature (Gauntlet)
  A hippogriff (D:7)
  A shadow (D:10)
  Sigmund (D:2)
  2 wyverns (Lair:1)
  17 yaks
  2 basilisks
  A hungry ghost (D:9)
  A soldier ant (D:10)
  3 water moccasins
  7 porcupines
  Duvessa (D:7)
  An ice beast (D:5)
  5 orc warriors
  An eye of draining (D:10)
  A phantom (D:5)
  2 small abominations (Gauntlet)
  A black bear (D:8)
  2 wolves (D:7)
  2 sky beasts (D:6)
  6 ogres
  A tengu (shapeshifter) (D:11)
  5 centaurs
  6 crocodiles
  A big kobold (Sewer)
  9 bullfrogs
  2 gnoll sergeants
  Dowan (D:7)
  A water moccasin skeleton (D:8)
  4 scorpions
  3 killer bees (D:7)
  A howler monkey (D:4)
  A bullfrog zombie (D:6)
  9 crimson imps
  3 jellies (Gauntlet)
  7 orc wizards
  7 hounds
  4 orc priests
  An iguana (D:6)
  7 worker ants
  A hound skeleton (D:4)
  A worker ant zombie (D:8)
  6 gnolls
  2 howler monkey skeletons
  13 adders
  A river rat (Sewer)
  A shadow imp (D:7)
  A white imp (D:4)
  An ooze (D:3)
  An adder zombie (D:5)
  An adder skeleton (D:7)
  A worm (D:2)
  3 dart slugs
  2 leopard geckos
  20 orcs
  3 giant cockroaches
  7 goblins
  8 hobgoblins
  7 jackals
  3 quokkas
  3 ball pythons
  11 bats
  4 frilled lizards
  A jackal skeleton (D:6)
  10 kobolds
  7 rats
279 creatures vanquished.

Vanquished Creatures (collateral kills)
  Psyche (D:8)
  A two-headed ogre (D:9)
  A hippogriff (D:5)
  A yak (D:9)
  An acid dragon (D:10)
  A black bear (D:7)
  A porcupine (D:7)
  A big kobold (D:8)
  2 orc wizards (D:8)
  2 worker ants
  A shadow imp (D:10)
  An orc (D:8)
  3 kobolds (D:8)
17 creatures vanquished.

Vanquished Creatures (others)
  A small abomination (Gauntlet)
  A gnoll (D:8)
  A bush (D:7)
  4 fungi (D:7)
  43 plants
50 creatures vanquished.

Grand Total: 346 creatures vanquished

Notes
Turn   | Place    | Note
-------+----------+-------------------------------------------
     0 | D:1      | MisterOstroum the Demonspawn Archaeologist began the quest
                  | for the Orb.
     0 | D:1      | Reached XP level 1. HP: 15/15 MP: 1/1
    96 | D:1      | Reached skill level 1 in Maces & Flails
   274 | D:1      | Gained mutation: Your flesh is cold resistant. (rC+)
                  | [demonic ancestry]
   274 | D:1      | Reached XP level 2. HP: 22/22 MP: 2/2
   861 | D:2      | Gained mutation: You are partially covered in thin metallic
                  | scales. (AC +2) [demonic ancestry]
   861 | D:2      | Reached XP level 3. HP: 25/28 MP: 3/3
  1162 | D:2      | Noticed Sigmund
  1167 | D:2      | Reached skill level 1 in Armour
  1187 | D:2      | Killed Sigmund
  1187 | D:2      | Gained mutation: You have sharp toenails. [demonic
                  | ancestry]
  1187 | D:2      | Reached XP level 4. HP: 22/35 MP: 4/4
  1187 | D:2      | Reached XP level 5. HP: 25/41 MP: 5/5
  1822 | D:2      | Found a sparkling altar of Nemelex Xobeh.
  1823 | D:2      | Found an iron altar of Okawaru.
  1829 | D:2      | Became a worshipper of Nemelex Xobeh the Trickster
  1906 | D:3      | Received a gift from Nemelex Xobeh
  2152 | D:3      | Found a hide-covered altar of Uskayaw.
  2362 | D:3      | Reached XP level 6. HP: 47/47 MP: 6/6
  3062 | D:4      | Reached skill level 5 in Armour
  3088 | D:4      | Found a shadowy altar of Dithmenos.
  3140 | D:4      | Reached * piety under Nemelex Xobeh
  3212 | D:4      | Got an ivory rapier
  3507 | D:4      | Received a gift from Nemelex Xobeh
  3531 | D:4      | Identified the +10 rapier of Accord {speed, +Fly rC+} (You
                  | found it on level 4 of the Dungeon)
  3637 | D:4      | Gained mutation: You are mostly covered in thin metallic
                  | scales. (AC +3) [demonic ancestry]
  3637 | D:4      | Reached XP level 7. HP: 51/54 MP: 7/7
  3934 | D:5      | Entered Level 5 of the Dungeon
  3941 | D:5      | Found a staircase to the Ecumenical Temple.
  3981 | D:5      | Reached skill level 1 in Invocations
  3999 | D:5      | Found a glowing drain.
  4017 | Sewer    | Entered a sewer
  4172 | Sewer    | Found a glowing silver altar of Zin.
  4288 | D:5      | Reached skill level 5 in Fighting
  4288 | D:5      | Reached skill level 2 in Invocations
  4300 | D:5      | Found a glowing golden altar of the Shining One.
  4313 | D:5      | Received a gift from Nemelex Xobeh
  4376 | D:5      | Reached skill level 3 in Invocations
  4377 | D:5      | Noticed a hippogriff
  4387 | D:5      | Killed a hippogriff
  4387 | D:5      | Reached skill level 4 in Invocations
  4387 | D:5      | Reached XP level 8. HP: 62/62 MP: 6/11
  4546 | D:5      | Reached skill level 5 in Short Blades
  4593 | D:5      | Reached skill level 5 in Invocations
  4628 | D:5      | Found a snail-covered altar of Cheibriados.
  4631 | D:5      | Found a radiant altar of Vehumet.
  4734 | D:6      | Reached ** piety under Nemelex Xobeh
  4972 | D:6      | Found a sacrificial altar of Ru.
  5399 | D:6      | Received a gift from Nemelex Xobeh
  5587 | D:7      | Noticed a hippogriff
  5590 | D:7      | Killed a hippogriff
  5590 | D:7      | Reached skill level 6 in Invocations
  5590 | D:7      | Reached skill level 1 in Evocations
  5616 | D:7      | Found Enofowk's Magic Scroll Boutique.
  5707 | D:7      | Reached XP level 9. HP: 69/69 MP: 13/13
  5758 | D:7      | Noticed Duvessa
  5772 | D:7      | Killed Duvessa
  5772 | D:7      | Reached skill level 5 in Dodging
  5781 | D:7      | Reached skill level 7 in Invocations
  5785 | D:7      | Noticed Dowan
  5805 | D:7      | Killed Dowan
  5893 | D:7      | Reached skill level 5 in Evocations
  5906 | D:7      | Found a glowing silver altar of Zin.
  5969 | D:7      | Found a staircase to the Lair.
  6235 | D:7      | Bought a scroll of identify for 20 gold pieces
  6235 | D:7      | Bought a scroll of identify for 20 gold pieces
  6235 | D:7      | Bought a scroll of identify for 20 gold pieces
  6235 | D:7      | Bought a scroll of identify for 20 gold pieces
  6269 | D:7      | Found Von Susk's Gadget Shoppe.
  6275 | D:7      | Bought a wand of acid (5) for 252 gold pieces
  6292 | D:7      | Gained mutation: You are immune to freezing clouds.
                  | [demonic ancestry]
  6292 | D:7      | Reached XP level 10. HP: 75/82 MP: 15/15
  6464 | D:7      | Found a runed door.
  6497 | D:7      | Found Zidiguc's Gadget Boutique.
  6721 | D:8      | Found a corrupted altar of Lugonu.
  6748 | D:8      | Noticed Prince Ribbit
  7009 | D:8      | Noticed Maurice
  7032 | D:8      | Paralysed by Maurice for 3 turns
  7036 | D:8      | Killed Maurice
  7175 | D:8      | Identified Rare's Almanac of Dislocation and Conjuration
  7182 | D:8      | Reached *** piety under Nemelex Xobeh
  7253 | D:8      | Killed Prince Ribbit
  7303 | D:8      | Noticed Joseph
  7330 | D:8      | Killed Joseph
  7473 | D:8      | Noticed Psyche
  7480 | D:8      | Noticed a rust devil
  7501 | D:8      | Noticed Erica
  7563 | D:8      | Killed Erica
  7563 | D:8      | Reached skill level 8 in Invocations
  7655 | D:8      | Killed Psyche
  7655 | D:8      | Reached skill level 9 in Invocations
  7931 | D:8      | Received a gift from Nemelex Xobeh
  8016 | D:9      | Noticed a two-headed ogre
  8183 | D:9      | Found a stormy altar of Qazlal.
  8277 | D:9      | Reached XP level 11. HP: 68/89 MP: 17/17
  8564 | D:9      | Identified the -1 quarterstaff of the Living Dead {crush,
                  | Int+2}
  8581 | D:9      | Killed a two-headed ogre
  8581 | D:9      | Reached skill level 1 in Shields
  8779 | D:9      | Reached skill level 10 in Fighting
  8863 | D:9      | Noticed a tengu warrior
  8888 | D:9      | Killed a tengu warrior
  9607 | D:10     | Entered Level 10 of the Dungeon
  9755 | D:10     | Received a gift from Nemelex Xobeh
 10294 | D:10     | Reached skill level 10 in Invocations
 10587 | D:10     | Reached **** piety under Nemelex Xobeh
 10942 | D:11     | Noticed Nergalle
 10951 | D:11     | Killed Nergalle
 11148 | D:11     | Noticed a cyclops
 11161 | D:11     | Noticed a centaur warrior
 11173 | D:11     | Killed a centaur warrior
 11271 | Lair:1   | Entered Level 1 of the Lair of Beasts
 11393 | Lair:1   | Gained mutation: You are immune to rotting. [demonic
                  | ancestry]
 11393 | Lair:1   | Reached XP level 12. HP: 97/97 MP: 19/19
 11612 | Lair:1   | Received a gift from Nemelex Xobeh
 12223 | Lair:2   | Reached skill level 11 in Invocations
 12257 | Lair:2   | Received a gift from Nemelex Xobeh
 12456 | Lair:2   | Found a staircase to the Swamp.
 12467 | Lair:2   | Found a gate leading to a gauntlet.
 12502 | Gauntlet | Entered a Gauntlet
 12502 | Gauntlet | Found a transporter.
 12502 | Gauntlet | Found a transporter.
 12506 | Gauntlet | Found a transporter.
 12506 | Gauntlet | Found a transporter.
 12508 | Gauntlet | Reached ***** piety under Nemelex Xobeh
 12512 | Gauntlet | Noticed a death yak
 12513 | Gauntlet | Noticed a death yak
 12514 | Gauntlet | Noticed a death yak
 12517 | Gauntlet | Noticed a death ooze
 12518 | Gauntlet | Found a transporter.
 12528 | Gauntlet | Identified the amulet "Nassuryi" {Spirit +Blink Int+2
                  | Stlth-}
 12529 | Gauntlet | Found a transporter.
 12536 | Gauntlet | Noticed a death ooze
 12539 | Gauntlet | Found a transporter.
 12539 | Gauntlet | Found a transporter.
 12543 | Gauntlet | Found a transporter.
 12558 | Gauntlet | Found a transporter.
 12565 | Gauntlet | Found a transporter.
 12583 | Gauntlet | Found a transporter.
 12630 | Gauntlet | Found a transporter.
 12634 | Gauntlet | Received a gift from Nemelex Xobeh
 12641 | Gauntlet | Noticed a five-headed hydra
 12642 | Gauntlet | Found a transporter.
 12740 | Gauntlet | Found a transporter.
 12753 | Gauntlet | Noticed a great orb of eyes
 12754 | Gauntlet | Found a transporter.
 12911 | Gauntlet | Got a bound bronze ring
 12913 | Gauntlet | Killed a five-headed hydra
 12963 | Gauntlet | Reached skill level 12 in Invocations
 12981 | Gauntlet | Got a wavering jade ring
 13168 | Gauntlet | Noticed a minotaur
 13186 | Gauntlet | Hit by a silver javelin thrown by a minotaur

Skill      XL: |  1  2  3  4  5  6  7  8  9 10 11 12 |
---------------+-------------------------------------+-----
Maces & Flails | 1 |  1.0
Fighting       | 2 3 4 5 8 9 10 | 10.6
Armour         | 3 4 6 8 |  8.8
Short Blades   | 2 3 4 5 8 9 |  9.4
Invocations    | 4 6 7 9 10 12 | 12.0
Dodging        | 4 5 |  5.0
Evocations     | 1 5 |  5.0
Shields        | 4 |  4.0
Stealth        | |  3.0

Action                   |  1- 3 |  4- 6 |  7- 9 | 10-12 || total
-------------------------+-------+-------+-------+-------++-------
Melee: Dagger            |    89 |   208 |       |    11 ||   308
       Whip              |     8 |     5 |       |       ||    13
       Scythe            |       |    15 |       |       ||    15
       Great mace        |       |     8 |       |       ||     8
       Rapier            |       |     7 |   258 |   569 ||   834
 Fire: Hunting sling     |       |    25 |       |       ||    25
Throw: Stone             |    70 |   113 |   110 |   154 ||   447
Invok: Deal Four         |       |       |       |     1 ||     1
       Stack Five        |       |       |       |     1 ||     1
 Abil: Evoke Flight      |       |       |     3 |       ||     3
       Stop Flying       |       |       |     1 |       ||     1
       Evoke Ratskin     |       |       |     1 |       ||     1
       Draw Destruction  |       |       |    10 |     8 ||    18
       Draw Summoning    |       |       |     1 |    12 ||    13
       Draw Escape       |       |       |     1 |     1 ||     2
Evoke: Wand              |       |       |     2 |     2 ||     4
  Use: Scroll            |       |       |    18 |     6 ||    24
 Stab: Sleeping          |     2 |       |       |       ||     2
       Distracted        |       |       |       |     2 ||     2
       Confused          |       |       |       |     1 ||     1
  Eat: Chunk             |     1 |     5 |     9 |    19 ||    34
       Ration            |       |     1 |       |     1 ||     2
Armor: Robe              |    26 |     5 |       |       ||    31
       Ring mail         |       |    99 |    92 |    81 ||   272
       Plate armour      |       |       |       |   100 ||   100
Dodge: Dodged            |    52 |   132 |    87 |   165 ||   436
Block: Buckler           |       |       |       |    30 ||    30
